Map: Lerilak Crest

Players

Serral - Winner!

  • Race: Zerg Zerg
  • League: Grandmaster

LiquidSnute (Snute)

  • Race: Zerg Zerg
  • League: Grandmaster

Event: 2016 WCS Winter Challenger Europe

VOD

Have the link to the VOD?

Description

Time

  • Played on: Feb. 13, 2016, 11:31 a.m.
  • Length: 3:57

All games in this series

Show
View Real Time Build Order
Export as new Build Order

Serral Zerg - Winner!

Build Orders: Pool First 

Get SALT Encoding   

  12  0:01  Drone  
  13  0:12  Drone  
  14  0:20  Drone, Extractor  
  15  0:26  Overlord  
  15  0:40  Extractor  
  14  0:44  Drone x2  
  14  0:45  Drone  
  17  0:50  Spawning Pool  
  17  0:56  Drone  
  17  1:07  Drone  
  18  1:17  Drone  
  19  1:25  Hatchery  
  18  1:37  Queen  
  20  1:42  Metabolic Boost  
  20  1:46  Drone  
  21  1:51  Overlord  
  21  2:01  Baneling Nest  
  21  2:03  Zergling x2  
  21  2:07  Zergling x2  
  22  2:11  Zergling x2  
  23  2:18  Queen  
  23  2:22  Zergling x2  
  26  2:34  Zergling x2  
  27  2:39  Zergling x2  
  28  2:47  Zergling x8  
  28  2:49  Zergling x2  
  33  2:59  Baneling x2  
  33  3:00  Baneling x2  
  33  3:01  Overlord  
  33  3:03  Zergling x2  
  34  3:07  Zergling x2  
  34  3:10  Zergling x2  
  36  3:15  Baneling x2  
  36  3:23  Zergling x4  
  36  3:24  Zergling x4  
  39  3:31  Zergling x4  
Show
View Real Time Build Order
Export as new Build Order

LiquidSnute Zerg 

Build Orders: 3 Hatch before Pool 

Get SALT Encoding   

  12  0:00  Drone  
  13  0:12  Overlord  
  13  0:16  Drone  
  14  0:30  Drone x2  
  14  0:34  Drone  
  17  0:51  Hatchery  
  17  0:55  Drone  
  17  0:58  Drone  
  18  1:06  Drone  
  19  1:21  Hatchery  
  19  1:24  Drone  
  19  1:26  Extractor  
  18  1:39  Spawning Pool  
  17  1:42  Drone  
  17  1:45  Drone  
  19  1:49  Drone  
  20  2:00  Drone  
  21  2:03  Drone  
  22  2:13  Drone  
  22  2:14  Drone  
  24  2:25  Queen  
  24  2:26  Queen  
  24  2:27  Metabolic Boost  
  28  2:32  Overlord  
  28  2:35  Zergling x2  
  29  2:38  Drone  
  29  2:40  Drone  
  31  2:46  Baneling Nest  
  31  2:47  Drone  
  31  2:49  Drone  
  32  2:53  Drone  
  32  2:55  Drone  
  32  2:58  Drone  
  35  3:00  Drone  
  35  3:03  Drone  
  37  3:11  Overlord  
  37  3:13  Zergling x4  
  37  3:19  Zergling x6  
  42  3:26  Zergling x2  
  40  3:28  Zergling x2  
  40  3:29  Zergling x2  
  40  3:32  Baneling  
  37  3:34  Baneling x2  
  37  3:36  Zergling x2  
  37  3:38  Zergling x2  
Tags
 
Add a new tag
Caveats
  • Supply blocks, unpowered buildings, or Contaminate may cause inaccurate times.
  • Supply counts are checked every 10 seconds.